 Dungeon Crawl Stone Soup version 0.30-a0-1085-g990a428a5c (webtiles) character file.

Game seed: 36051125401467452

212 themarg the Caller (level 5, 0/52 HPs)
             Began as a Merfolk Summoner on Apr 16, 2023.
             Succumbed to a water moccasin's poison
             ... in a sewer.
             The game lasted 00:06:51 (2492 turns).

themarg the Caller (Merfolk Summoner)               Turns: 2492, Time: 00:06:52

Health: 0/52       AC: 22    Str:  7 (8)  XL:     5   Next: 90%
Magic:  3/8        EV:  2    Int: 13 (16) God:
Gold:   145        SH:  0    Dex: 14 (15) Spells: 2/8 levels left

rFire   + . .      SeeInvis .    i - +0 spear
rCold   + . .      Faith    .    (no shield)
rNeg    . . .      Spirit   .    a - melded +0 robe
rPois   +          Reflect  .    (helmet currently unavailable)
rElec   +          Rampage  .    d - melded +0 cloak
rCorr   +          NoTele   +    (gloves currently unavailable)
Will    .....                    (boots currently unavailable)
Stlth   ++                       (no amulet)
HPRegen 0.28/turn                o - +5 ring of evasion
MPRegen 0.11/turn                (no ring)

@: brilliant, lethally poisoned (0 -> -2), tree-form, resistant
A: stationary, stasis, torment immunity, boosted hp, (nimble swimmer 2),
(mertail)
a: no special abilities


You were in a sewer.
You were a tree.
You visited 1 branch of the dungeon, and saw 3 of its levels.
You also visited: Sewer.

You collected 145 gold pieces.

Inventory:

Hand Weapons
 c - a +0 whip
 h - a +0 dagger
 i - a +0 spear (weapon)
Missiles
 q - 8 stones
Armour
 a - a +0 robe (melded)
 d - a +0 cloak (melded)
Jewellery
 o - a +5 ring of evasion (left branch)
 s - an amulet of regeneration
Scrolls
 e - a scroll of enchant weapon {unknown}
 f - a scroll of silence
 g - a scroll of teleportation {unknown}
 j - a scroll of noise {unknown}
 m - a scroll of acquirement {unknown}
 n - a scroll of amnesia {unknown}
 p - 2 scrolls of identify {unknown}
 t - a scroll of poison {unknown}
Potions
 b - a potion of magic
 k - 2 potions of brilliance
 w - a potion of curing {unknown}
 x - a potion of cancellation {unknown}


   Skills:
 - Level 2.6 Dodging
 - Level 3.0 Stealth
 - Level 2.0 Spellcasting
 + Level 6.7 Summonings


You had 2 spell levels left.
You knew the following spells:

 Your Spells              Type           Power      Damage    Failure   Level
a - Summon Small Mammal   Summ           100%       N/A       1%          1
b - Call Imp              Summ           56%        N/A       2%          2
c - Call Canine Familiar  Summ           28%        N/A       4%          3

Your spell library contained the following spells:

 Spells                   Type           Power      Damage    Failure   Level
 Ensorcelled Hibernation  Hex/Ice        2%         N/A       36%         2
 Passwall                 Tmut/Erth      0%         N/A       36%         2
 Summon Guardian Golem    Hex/Summ       15%        N/A       19%         3
 Summon Lightning Spire   Summ/Air       15%        N/A       54%         4
 Swiftness                Air            1%         N/A       58%         3


Dungeon Overview and Level Annotations

Branches:
Dungeon (3/15)              Sewer (1/1)

Altars:
Wu Jian

Shops:
D:1 [


Innate Abilities, Weirdness & Mutations

You are a tree.
Your roots penetrate the ground, keeping you stationary.
You cannot be teleported.
You are immune to unholy pain and torment.
Your maximum health is greatly increased.
Your equipment is partially melded.
((You are very nimble when in or above water. (Stealth+, EV+, Speed+++)))
((Your lower body shifts to a powerful aquatic tail in water.))


Message History

You are lethally poisoned!
The water moccasin poisons you!
Your quokka closely misses the water moccasin.
Your hound misses the water moccasin. The water moccasin misses you.
You hit the water moccasin.
You kill the water moccasin!
You feel very sick.
Your Summonings skill increases to level 6!
You have reached level 5!
You feel agile.
You feel sick.
* * * LOW HITPOINT WARNING * * *
You feel very sick.
* * * LOW HITPOINT WARNING * * *
You feel very sick.
* * * LOW HITPOINT WARNING * * *
You feel sick.
It was a potion of brilliance.
You feel clever all of a sudden.
* * * LOW HITPOINT WARNING * * *
You feel sick.
Okay, then.
It was a potion of flight.
You feel very buoyant.
You fly up into the air.
* * * LOW HITPOINT WARNING * * *
You feel sick.
It was a potion of resistance.
You feel protected.
* * * LOW HITPOINT WARNING * * *
You feel sick.
It was a potion of lignification.
You turn into a tree.
Your +0 cloak melds into your body.
Your +0 robe melds into your body.
Your roots penetrate the ground.
* * * LOW HITPOINT WARNING * * *
You feel sick.
It was a potion of degeneration.
There was something very wrong with that liquid.
You feel weakened.
You feel dopey.
You feel clumsy.
You die...

#...#
##~~.##
#..~..#
#~~~.~##
#...#.~.#
#~.###..##
#..~ #...#
#..# ##~.#
#.~ #.♣#
#. #rh#
##.~#
#.~.#
#~.##
#.†.#
~~~.##
#~...~#
##.~.##


You could see a friendly hound (summoned) and a friendly quokka (summoned).

Vanquished Creatures
  A water moccasin (Sewer)
  An adder (D:3)
  2 river rats (D:3)
  An endoplasm (D:1)
  A goblin (D:1)
  A hobgoblin (D:2)
  3 ball pythons (D:1)
  A bat (D:2)
  A rat (D:1)
12 creatures vanquished.

Vanquished Creatures (collateral kills)
  An adder (D:2)
  A river rat (D:3)
  3 worms (D:3)
  2 dart slugs
  3 ball pythons
  2 endoplasms (D:1)
  2 giant cockroaches (D:1)
  4 goblins
  A hobgoblin (D:2)
  4 jackals
  2 kobolds
  4 quokkas
  5 bats
  A frilled lizard (D:2)
  7 rats
42 creatures vanquished.

Grand Total: 54 creatures vanquished

Notes
Turn   | Place    | Note
-------+----------+-------------------------------------------
     0 | D:1      | themarg the Merfolk Summoner began the quest for the Orb.
     0 | D:1      | Reached XP level 1. HP: 13/13 MP: 3/3
   158 | D:1      | Reached XP level 2. HP: 19/19 MP: 1/5
   161 | D:1      | Learned a level 2 spell: Call Imp
   656 | D:1      | Found Cug Joal's Armour Shoppe.
   736 | D:1      | Reached XP level 3. HP: 24/24 MP: 2/6
   740 | D:1      | Learned a level 3 spell: Call Canine Familiar
  1670 | D:2      | Reached skill level 5 in Summonings
  1985 | D:2      | Reached XP level 4. HP: 30/30 MP: 3/7
  2163 | D:3      | Found an ornate altar of the Wu Jian Council.
  2300 | D:3      | Found a glowing drain.
  2316 | Sewer    | Entered a sewer
  2470 | Sewer    | Noticed a water moccasin
  2483 | Sewer    | Killed a water moccasin
  2484 | Sewer    | Reached skill level 6 in Summonings
  2484 | Sewer    | Reached XP level 5. HP: 13/35 MP: 2/8
  2489 | Sewer    | HP: 1/35 [poisoned by a water moccasin]
  2492 | Sewer    | Succumbed to a water moccasin's poison

Illustrated notes

Levels and vault maps discovered:
D:1:      minmay_arrival_stair_chambers, layout_basic, serial_shops,
          nicolae_shop_rolling_square, chequers_serial_rivers_large_b
D:2:      wander_river, layout_rooms, minmay_tromino_v4_a
D:3:      layout_loops_ring, nzn_wu_jian_contemplation,
          nicolae_hepliaklqana_hazy_memory, serial_shops, shop,
          dreamdust_ecumenical_altar_hidden_monk_grotto,
          lightli_sewer_entry_pipes, kennysheep_generic_room_6
Sewer:    sewer_the_moccasin

Skill      XL: |  1  2  3  4 |
---------------+-------------+-----
Stealth        | 3 |  3.0
Summonings     | 5 6 |  6.7
Dodging        | |  2.6
Spellcasting   | |  2.0

Action                     |  1- 3 |  4- 6 || total
---------------------------+-------+-------++-------
  Melee: Whip              |    18 |       ||    18
         Spear             |    45 |    45 ||    90
         Tailslap          |       |     5 ||     5
   Cast: Summon Small Mamm |    34 |     4 ||    38
         Call Imp          |    12 |     4 ||    16
         Call Canine Famil |     5 |     5 ||    10
    Use: Scroll            |       |     1 ||     1
         Potion            |       |     5 ||     5
   Stab: Distracted        |     1 |     1 ||     2
 Armour: Robe              |     8 |     1 ||     9
  Dodge: Dodged            |    38 |    27 ||    65

Table legend: (Time is in decaauts)
 A = Elapsed time spent in this place.
 B = Non-inter-level travel time spent in this place.
 C = Inter-level travel time spent in this place.
 D = Time resting spent in this place.
 E = Time spent auto-exploring this place.
 F = Levels seen in this place.
 G = Mean time per level.
                   A        B        C        D        E       F      G
               +--------+--------+--------+--------+--------+-----+--------+
         Total |   2434 |   2367 |     67 |    121 |   1728 |   4 |  608.5 |
       Dungeon |   2261 |   2194 |     67 |     20 |   1694 |   3 |  753.7 |
         Sewer |    172 |    172 |      0 |    101 |     33 |   1 |  172.0 |
               +--------+--------+--------+--------+--------+-----+--------+

Top non-repeatable levels by time:
     D:1: 1357 daAuts
     D:2: 743 daAuts
   Sewer: 172 daAuts
     D:3: 160 daAuts
